 Dungeon Crawl Stone Soup version 0.17-a0-1769-g54adf96 (webtiles) character file.

3689 nubinia the Geomancer (level 10, -4/60 HPs)
             Began as an Octopode Earth Elementalist on Sept 7, 2015.
             Was a Priest of Sif Muna.
             Slain by an unseen horror (7 damage)
             ... on level 8 of the Dungeon.
             The game lasted 01:05:39 (11178 turns).

nubinia the Geomancer (OpEE)                       Turns: 11178, Time: 01:05:39

Health: -4/60      AC:  6    Str: 15    XL:     10   Next: 13%
Magic:  0/19       EV: 19    Int: 20    God:    Sif Muna [***...]
Gold:   348        SH:  0    Dex: 13    Spells: 5 memorised, 8 levels left

rFire  . . .     SeeInvis .     p - +1 mace (protect)
rCold  . . .     Clarity  .     (no shield)
rNeg   . . .     SustAt   .     (helmet restricted)
rPois  .         Gourm    .     r - amulet of guardian spirit
rElec  .         Spirit   +     f - +4 ring of strength
rCorr  .         Warding  .     m - +3 ring of strength (curse)
rMut   .         Stasis   .     H - +5 ring of evasion
MR     .....                    P - ring of wizardry
Stlth  ++++......               (no ring)
                                (no ring)
                                (no ring)
                                (no ring)

@: very slightly contaminated, hasted, very quick, not resistant to hostile
enchantments, stealthy
A: almost no armour, amphibious, 8 rings, constrict 8, camouflage 1, gelatinous
body 1
a: Channel Energy, Forget Spell, Renounce Religion


You were on level 8 of the Dungeon.
You worshipped Sif Muna.
Sif Muna was most pleased with you.
You were very hungry.

You visited 2 branches of the dungeon, and saw 9 of its levels.

You collected 348 gold pieces.

Inventory:

Hand weapons
 a - a +2 dagger of freezing
 h - a +1 dagger of holy wrath
 p - a +1 mace of protection (weapon)
 s - a +1 hunting sling of flaming
 u - a +0 short sword
 R - a +1 whip of electrocution
Missiles
 b - 283 stones (quivered)
 x - 20 sling bullets
Jewellery
 f - a +4 ring of strength (left tentacle)
 m - a cursed +3 ring of strength (right tentacle)
 r - an amulet of guardian spirit (around mantle)
 H - a +5 ring of evasion (on tentacle)
 P - a ring of wizardry (on tentacle)
Magical devices
 B - a wand of frost (8)
 I - a wand of polymorph (9)
 K - a wand of lightning (11)
 O - a wand of frost (14)
Scrolls
 g - a scroll of noise {unknown}
 i - a scroll of enchant armour
 j - 4 scrolls of remove curse
 n - a scroll of recharging {unknown}
 t - 3 scrolls of teleportation
 w - a scroll of enchant weapon {unknown}
 y - 2 scrolls of immolation
 z - a scroll of random uselessness
 G - a scroll of blinking {unknown}
 L - a scroll of fog
Potions
 e - a potion of cure mutation {unknown}
 k - a potion of cancellation
 q - a potion of degeneration
 v - a potion of flight
 A - 3 potions of curing
 D - a potion of lignification
 F - 2 potions of invisibility
 M - a potion of brilliance
 N - 2 potions of poison
Books
 d - a book of Geomancy

   Spells                             Type                      Level
   a - Sandblast                      Earth                        1
   b - Stoneskin                      Transmutation/Earth          2
   c - Passwall                       Transmutation/Earth          3
   d - Stone Arrow                    Conjuration/Earth            3
   e - Petrify                        Transmutation/Earth          4
   f - Lee's Rapid Deconstruction     Earth                        5
 E - a book of Transfigurations

   Spells                             Type                      Level
   a - Stoneskin                      Transmutation/Earth          2
   b - Irradiate                      Conjuration/Transmutation    5
   c - Statue Form                    Transmutation/Earth          6
   d - Hydra Form                     Transmutation                6
   e - Dragon Form                    Transmutation                7
Comestibles
 c - 7 bread rations
 l - 7 fruits
 o - 2 meat rations


   Skills:
 + Level 1.9 Fighting
 + Level 2.2 Short Blades
 + Level 1.9 Slings
 + Level 4.2 Dodging
 + Level 5.9 Stealth
 + Level 6.5 Spellcasting
 * Level 4.0 Conjurations
 * Level 5.4 Transmutations
 * Level 8.6 Earth Magic


You had 8 spell levels left.
You knew the following spells:

 Your Spells              Type           Power        Failure   Level  Hunger
a - Sandblast             Erth           #####.       1%          1    None
b - Stone Arrow           Conj/Erth      ####..       1%          3    #......
c - Lee's Rapid Deconstr  Erth           #####.....   4%          5    #####..
p - Passwall              Trmt/Erth      ####......   1%          3    #......
s - Stoneskin             Trmt/Erth      ####....     1%          2    None


Dungeon Overview and Level Annotations

Branches:
Dungeon (8/15)             Temple (1/1) D:6
   Lair: D:8-11

Altars:
Ashenzari
Dithmenos
Elyvilon
Kikubaaqudgha
Makhleb
Nemelex Xobeh
Okawaru
Qazlal
Ru
Sif Muna
Vehumet
Zin
The Shining One

Annotations:
D:4 Eustachio
D:8 exclusion: orc warrior


Innate Abilities, Weirdness & Mutations

You cannot wear most types of armour.
You are amphibious.
You can wear up to eight rings at the same time.
You can use your tentacles to constrict eight enemies at once.
Your skin changes colour to match your surroundings (Stealth).
Your rubbery body absorbs attacks (AC +1).


Message History

Something hits you. Something hits you!
* * * LOW HITPOINT WARNING * * *
Something hits you but does no damage. Something hits you.
* * * LOW HITPOINT WARNING * * *
Something hits you. Something barely misses you. Something hits you.
* * * LOW HITPOINT WARNING * * *
Drink which item? (? for menu, Esc to quit)
You feel yourself speed up. Something hits you.
* * * LOW HITPOINT WARNING * * *
Something hits you but does no damage.
You are very lightly contaminated with residual magic.
Something closely misses you. Something hits you but does no damage.
Something hits you!
* * * LOW HITPOINT WARNING * * *
Something hits you!
You die...

. ###### .. ## ########## #.....
...###. ...##...#######.....
......>####..#...##.........%
.................##.####.....
...###.....#.....#..####.....
#.....#.##..#.........(......
#...#...#÷........###........ ##
##.........@#........##..... #.##
####.....^.......#####..... ...#
#..............# #.....
...######.........#..#....##.####
..............##..#..####....#
............#..#..##..### #...
...####.....##.....#....## #
#.#.....<.[.####.........###
###.....†.......#.#........####


There were no monsters in sight!

Vanquished Creatures
  Erica (D:8)
  Pikel (D:7)
  Prince Ribbit (D:8)
  Grum (D:8)
  A water moccasin (D:8)
  2 wolves
  A sky beast (D:8)
  2 necrophages
  2 phantoms
  An ice beast (D:5)
  An ogre (D:4)
  A centaur (D:7)
  A giant frog (D:6)
  3 scorpions
  5 wights (D:4)
  An orc priest (D:5)
  4 crimson imps
  3 hounds
  A gnoll shaman (D:4)
  A centaur skeleton (D:7)
  Jessica (D:3)
  3 iguanas
  2 orc wizards
  2 worker ants
  A killer bee zombie (D:6)
  A hound skeleton (D:4)
  5 gnolls
  7 adders
  A shadow imp (D:4)
  2 oozes
  An adder skeleton (D:4)
  An adder zombie (D:7)
  A worm (D:2)
  5 giant geckos
  16 orcs
  7 giant cockroaches
  11 goblins
  6 hobgoblins
  15 jackals
  7 bats
  6 giant newts
  15 kobolds
  8 rats
158 creatures vanquished.

Vanquished Creatures (others)
  An orc warrior (D:6)
  2 orc priests (D:6)
  An orc wizard (D:6)
  An orc (D:6)
5 creatures vanquished.

Grand Total: 163 creatures vanquished

Notes
Turn   | Place    | Note
--------------------------------------------------------------
     0 | D:1      | nubinia the Octopode Earth Elementalist began the quest for the Orb.
     0 | D:1      | Reached XP level 1. HP: 11/11 MP: 3/3
   291 | D:1      | Reached XP level 2. HP: 10/17 MP: 5/5
   595 | D:1      | Learned a level 2 spell: Stoneskin
   690 | D:1      | Reached XP level 3. HP: 12/21 MP: 6/6
  1596 | D:2      | Learned a level 3 spell: Passwall
  2095 | D:2      | Reached skill level 1 in Short Blades
  2095 | D:2      | Reached XP level 4. HP: 27/27 MP: 3/7
  2913 | D:3      | Noticed Jessica
  2918 | D:3      | Killed Jessica
  2918 | D:3      | Reached XP level 5. HP: 28/32 MP: 9/9
  3609 | D:4      | Reached skill level 4 in Stealth
  3616 | D:4      | Reached skill level 1 in Fighting
  3627 | D:4      | Learned a level 3 spell: Stone Arrow
  3814 | D:4      | Noticed an ogre
  4072 | D:4      | Noticed a phantom
  4091 | D:4      | Killed a phantom
  4091 | D:4      | Reached XP level 6. HP: 33/38 MP: 1/11
  4293 | D:4      | Noticed Eustachio
  4999 | D:5      | Entered Level 5 of the Dungeon
  5064 | D:4      | Reached XP level 7. HP: 38/43 MP: 9/12
  6341 | D:5      | Reached skill level 5 in Earth Magic
  6537 | D:6      | Found a staircase to the Ecumenical Temple.
  6546 | Temple   | Entered the Ecumenical Temple
  6645 | Temple   | Became a worshipper of Sif Muna the Loreminder
  6933 | D:6      | Found a radiant altar of Vehumet.
  7171 | D:6      | Reached skill level 5 in Stealth
  7604 | D:7      | Learned a level 5 spell: Lee's Rapid Deconstruction
  7823 | D:7      | Reached XP level 8. HP: 48/48 MP: 14/14
  8368 | D:4      | Acquired Sif Muna's first power
  8368 | D:4      | Reached skill level 1 in Conjurations
  8486 | D:4      | Reached skill level 6 in Earth Magic
  8901 | D:4      | Killed an ogre
  9215 | D:8      | Reached skill level 1 in Slings
  9450 | D:7      | Noticed Pikel
  9467 | D:7      | Killed Pikel
  9467 | D:7      | Acquired Sif Muna's second power
  9467 | D:7      | Reached skill level 5 in Spellcasting
  9467 | D:7      | Reached skill level 7 in Earth Magic
  9467 | D:7      | Reached XP level 9. HP: 31/54 MP: 1/16
  9669 | D:8      | Noticed Grum
  9856 | D:8      | Killed Grum
 10009 | D:8      | Noticed Prince Ribbit
 10021 | D:8      | Noticed Erica
 10495 | D:8      | Killed Erica
 10495 | D:8      | Reached skill level 5 in Transmutations
 10495 | D:8      | Reached skill level 8 in Earth Magic
 10495 | D:8      | Reached XP level 10. HP: 22/60 MP: 0/19
 10981 | D:8      | Killed Prince Ribbit
 11177 | D:8      | HP: 3/60 [something (5)]
 11178 | D:8      | Slain by an unseen horror

Vault maps used:
D:1:      tarquinn_simple_flora_water_d
D:2:      first_bread, grunt_decor_resistance
D:3:      forest_paths, uniq_jessica
D:4:      minmay_misc_feat_diagonals, uniq_eustachio
D:6:      vehumet_altar_wand_db, lemuel_temple_firewalk_marked
D:7:      uniq_pikel
D:8:      david_lair_shrubbed, uniq_grum, uniq_erica, uniq_prince_ribbit1
Temple:   kilobyte_greek_temple_18

Action                   |  1- 3 |  4- 6 |  7- 9 | 10-12 || total
-------------------------+-------+-------+-------+-------++-------
Melee: Short sword       |    33 |       |       |       ||    33
       Unarmed           |     6 |       |       |       ||     6
       Dagger            |    34 |    86 |   111 |    20 ||   251
 Fire: Hunting sling     |       |     6 |    32 |     1 ||    39
Throw: Stone             |       |       |     1 |       ||     1
 Cast: Sandblast         |    11 |    23 |    56 |     3 ||    93
       Stoneskin         |     3 |    23 |    30 |     3 ||    59
       Stone Arrow       |       |     1 |    29 |     5 ||    35
       Lee's Rapid Decon |       |       |     2 |       ||     2
  Use: Scroll            |     1 |     3 |     9 |       ||    13
       Potion            |       |       |     4 |     2 ||     6
 Stab: Sleeping          |    10 |     9 |     7 |       ||    26
  Eat: Chunk             |     4 |     8 |    13 |     2 ||    27
       Royal jelly       |       |     1 |       |       ||     1
       Pizza             |       |       |     1 |       ||     1
       Beef jerky        |       |       |     1 |       ||     1
       Fruit             |       |       |     2 |     1 ||     3
